Map: King's Cove LE

Players

iPlayDefense

  • Race: Terran Terran
  • Spawn Location: 5:00

VOD

Have the link to the VOD?

Description

Time

  • Played on: April 11, 2025, 12:47 p.m.
  • Length: 10:09
Show
View Real Time Build Order
Export as new Build Order

iPlayDefense Terran 

Build Orders:  

Get SALT Encoding   

  12  0:00  SCV  
  13  0:17  SCV  
  14  0:28  Supply Depot  
  14  0:36  Refinery  
  14  0:44  SCV  
  15  1:01  SCV  
  16  1:12  Barracks  
  16  1:40  SCV  
  17  2:23  Orbital Command  
  17  2:26  Command Center  
  17  2:31  Barracks Reactor  
  17  2:43  Refinery  
  17  2:59  SCV  
  18  3:18  Factory  
  18  3:20  SCV  
  19  3:37  SCV  
  20  3:46  Marine  
  20  3:47  Marine  
  22  4:00  SCV  
  23  4:11  Marine x2  
  23  4:17  SCV  
  23  4:19  SCV  
  27  4:34  SCV, Bunker  
  27  4:36  SCV, Factory Reactor  
  29  4:51  SCV  
  29  4:53  SCV  
  31  5:04  Supply Depot  
  32  5:10  SCV  
  32  5:26  SCV  
  33  5:34  SCV  
  33  5:37  Command Center  
  34  5:43  SCV  
  35  5:51  SCV  
  35  5:57  Marine  
  35  5:58  Marine  
  38  6:00  SCV  
  38  6:09  Supply Depot  
  39  6:15  SCV  
  39  6:17  SCV  
  41  6:22  Marine  
  41  6:23  Marine  
  43  6:32  SCV  
  43  6:37  Widow Mine  
  43  6:38  Widow Mine  
  43  6:39  SCV  
  45  6:47  Marine  
  45  6:48  Marine  
  45  6:49  SCV  
  52  6:56  SCV  
  53  7:06  SCV  
  53  7:07  Widow Mine  
  53  7:08  Starport, Widow Mine  
  54  7:17  Marine x2  
  60  7:23  Bunker  
  60  7:34  SCV  
  60  7:35  SCV x2  
  60  7:37  Widow Mine  
  63  7:42  Marine x2  
  67  7:51  SCV  
  67  7:52  SCV  
  69  8:02  Supply Depot  
  69  8:12  Refinery  
  69  8:29  Supply Depot  
  69  8:32  SCV x3, Marine x2  
  69  8:33  Supply Depot  
  74  8:44  Refinery  
  74  8:47  Starport Reactor  
  74  8:49  SCV x2  
  76  8:57  Marine  
  76  8:59  Marine  
  78  9:00  Supply Depot, Widow Mine  
  78  9:01  Widow Mine  
  78  9:12  Barracks  
  82  9:23  SCV x2  
  82  9:24  SCV  
  85  9:40  SCV x3  
Tags
 
Matchup
Co-op
Replay Pack
DaveSC2
Add a new tag
Caveats
  • Supply blocks, unpowered buildings, or Contaminate may cause inaccurate times.
  • Supply counts are checked every 10 seconds.